 Dungeon Crawl Stone Soup version 0.23-a0-164-g7711e572f3 (webtiles) character file.

1005 PikkenKukken the Cutter (level 8, 0/61 HPs)
             Began as a Demonspawn Fighter on Sept 10, 2018.
             Was a Follower of Uskayaw.
             Slain by a killer bee (2 damage)
             ... on level 5 of the Dungeon.
             The game lasted 00:08:49 (4613 turns).

PikkenKukken the Cutter (Demonspawn Fighter)        Turns: 4613, Time: 00:08:50

Health: 0/61       AC: 14    Str: 24    XL:     8   Next: 0%
Magic:  0/8        EV:  6    Int: 10    God:    Uskayaw [*.....]
Gold:   207        SH: 11    Dex: 12    Spells: 7/7 levels left

rFire    + . .     SeeInvis .   a - +1 rapier
rCold    + . .     Gourm    .   c - +1 shield
rNeg     . . .     Faith    .   r - +0 plate armour
rPois    .         Spirit   +   (no helmet)
rElec    .         Reflect  .   n - scarf {rC+ rF+}
rCorr    +         Harm     .   (no gloves)
MR       .....                  (no boots)
Stlth    ..........             l - amulet of guardian spirit
HPRegen  0.20/turn              g - ring of resist corrosion
MPRegen  0.11/turn              (no ring)

@: mighty, lethally poisoned (0 -> -3)
A: talons 2, icy blue scales 1, nightstalker 1, powered by pain 1
a: Stomp, Renounce Religion


You were on level 5 of the Dungeon.
You worshipped Uskayaw.
Uskayaw was noncommittal.
You were hungry.

You visited 2 branches of the dungeon, and saw 7 of its levels.

You collected 285 gold pieces.
You spent 78 gold pieces at shops.

Inventory:

Hand Weapons
 a - a +1 rapier (weapon)
Armour
 c - a +1 shield (worn)
 n - a scarf of resistance (worn)
 r - a +0 plate armour (worn)
Jewellery
 g - a ring of resist corrosion (left hand)
 l - an amulet of guardian spirit (around neck)
Scrolls
 b - 6 scrolls of remove curse
 m - 5 scrolls of identify
Potions
 d - a potion of might
 e - 5 potions of brilliance
 h - a potion of lignification
 k - 3 potions of resistance
 p - a potion of agility
 q - 2 potions of magic
Comestibles
 f - 7 rations


   Skills:
 + Level 4.6 Fighting
 * Level 5.2 Short Blades
 + Level 4.4 Armour
 + Level 3.0 Dodging
 + Level 4.3 Shields


You had 7 spell levels left.
You didn't know any spells.
Your spell library contained the following spells:

 Spells                   Type           Power        Failure   Level  Hunger
 Freeze                   Ice            #...         100%        1    ##.....
 Throw Frost              Conj/Ice       #.....       100%        2    ###....
 Ozocubu's Armour         Chrm/Ice       #.......     100%        3    ####...
 Summon Ice Beast         Ice/Summ       #.......     100%        4    #####..
 Throw Icicle             Conj/Ice       #.......     100%        4    #####..


Dungeon Overview and Level Annotations

Branches:
Dungeon (6/15)             Temple (1/1) D:5

Altars:
Ashenzari
Uskayaw
Vehumet
Yredelemnul

Shops:
D:4 ?


Innate Abilities, Weirdness & Mutations

You have razor-sharp toenails.
You are partially covered in icy blue scales. (AC +2)
You are slightly more attuned to the shadows.
You sometimes gain a little power by taking damage.


Message History

* * * LOW HITPOINT WARNING * * *
You are poisoned.
The killer bee poisons you! You block the killer bee's attack.
The killer bee stings you.
* * * LOW HITPOINT WARNING * * *
You block the killer bee's attack.
You puncture the killer bee! Your kick misses the killer bee.
The killer bee is heavily wounded.
* * * LOW HITPOINT WARNING * * *
You feel sick. You block the killer bee's attack.
The killer bee stings you but does no damage.
Unknown command.
Your shield and plate armour prevent you from hitting the killer bee.
Your kick misses the killer bee.
The killer bee is heavily wounded.
* * * LOW HITPOINT WARNING * * *
You feel sick.
The killer bee stings you but does no damage.
The killer bee stings you.
You die...

####### ###'#.........#.....
#.....# #.............#..##.
#.....# #.............#..##.
#.....######.............#.....
#........................#..##.
######...................#..###
#......##'#.........#..##.
#......#.y#.........#..'.(
#......#.@y.........#..#..
#......#.y#>........#..##.
#.........#.........#..##.
###########.###.........'...#.
#...## #...#...>.....#..##.
#....# #...#.........#..##.
#....# #...'.........#...#.
#...########..#.........#..##.
#...##....#####.........#####.


You could see 3 killer bees.

Vanquished Creatures
  2 phantoms
  An ogre (D:5)
  A scorpion (D:4)
  A howler monkey (D:5)
  3 crimson imps
  A quasit (D:5)
  4 orc wizards
  A bullfrog skeleton (D:6)
  A hound (D:4)
  An orc priest (D:5)
  2 worker ants
  14 adders
  An adder zombie (D:5)
  6 worms
  2 dart slugs (D:1)
  4 leopard geckos
  11 orcs
  8 bats
  16 giant cockroaches
  4 goblins
  9 hobgoblins
  5 jackals
  14 kobolds
  3 quokkas
  2 ball pythons (D:4)
  8 frilled lizards
  A quokka skeleton (D:4)
  6 rats
132 creatures vanquished.

Notes
Turn   | Place    | Note
-------+----------+-------------------------------------------
     0 | D:1      | PikkenKukken the Demonspawn Fighter began the quest for the
                  | Orb.
     0 | D:1      | Reached XP level 1. HP: 18/18 MP: 1/1
    23 | D:1      | Reached skill level 2 in Short Blades
    40 | D:1      | Gained mutation: You are partially covered in icy blue
                  | scales. (AC +2) [demonic ancestry]
    40 | D:1      | Reached XP level 2. HP: 18/24 MP: 2/2
   341 | D:1      | Reached XP level 3. HP: 29/29 MP: 3/3
   762 | D:2      | Gained mutation: You have sharp toenails. [demonic
                  | ancestry]
   762 | D:2      | Reached XP level 4. HP: 32/35 MP: 4/4
   773 | D:2      | Reached skill level 1 in Dodging
   809 | D:2      | Reached skill level 3 in Short Blades
  1071 | D:2      | Found a faded altar of an unknown god.
  1180 | D:2      | Reached XP level 5. HP: 38/41 MP: 5/5
  2471 | D:4      | Noticed a phantom
  2502 | D:4      | Killed a phantom
  2502 | D:4      | Gained mutation: You are slightly more attuned to the
                  | shadows. [demonic ancestry]
  2502 | D:4      | Reached XP level 6. HP: 37/48 MP: 6/6
  2509 | D:4      | Found Buekio's Magic Scroll Emporium.
  2517 | D:4      | Bought a scroll of identify for 26 gold pieces
  2517 | D:4      | Bought a scroll of identify for 26 gold pieces
  2517 | D:4      | Bought a scroll of identify for 26 gold pieces
  2631 | D:4      | Reached skill level 4 in Short Blades
  3099 | D:5      | Entered Level 5 of the Dungeon
  3113 | D:5      | Gained mutation: You sometimes gain a little power by
                  | taking damage. [demonic ancestry]
  3113 | D:5      | Reached XP level 7. HP: 50/54 MP: 7/7
  3654 | D:5      | Found a staircase to the Ecumenical Temple.
  3659 | Temple   | Entered the Ecumenical Temple
  3679 | Temple   | Became a worshipper of Uskayaw the Reveler
  3799 | D:5      | Reached * piety under Uskayaw
  3804 | D:5      | Reached ** piety under Uskayaw
  4336 | D:6      | Reached skill level 5 in Short Blades
  4356 | D:6      | Reached *** piety under Uskayaw
  4550 | D:6      | Gained mutation: You have razor-sharp toenails. [demonic
                  | ancestry]
  4550 | D:6      | Reached XP level 8. HP: 58/61 MP: 6/8
  4612 | D:5      | HP: 3/61 [poisoned by a killer bee]
  4613 | D:5      | Slain by a killer bee

Vault maps used:
D:1:      dpeg_arrival_tiny_a, minmay_heptomino_d4
D:2:      chequers_ecumenical_altar_grove
D:3:      minmay_roachtagon, first_ration, corexii_item_surrounded_by_moat
D:4:      serial_shops, shop
D:5:      temple_doors_cd
D:6:      wad_floor_pattern_1
Temple:   regret_index_temple_mists

Skill      XL: |  1  2  3  4  5  6  7 |
---------------+----------------------+-----
Short Blades   | 2 3 4 5 |  5.2
Armour         | 3 4 |  4.4
Shields        | 3 4 |  4.3
Dodging        | 1 2 3 |  3.0
Fighting       | 4 |  4.6

Action                   |  1- 3 |  4- 6 |  7- 9 || total
-------------------------+-------+-------+-------++-------
Melee: Rapier            |   144 |   247 |   147 ||   538
       Kick              |       |    68 |    32 ||   100
  Use: Scroll            |     7 |     3 |     6 ||    16
       Potion            |       |       |     3 ||     3
 Stab: Paralysed         |       |       |     1 ||     1
  Eat: Chunk             |       |     8 |     4 ||    12
Armor: Scale mail        |    22 |       |       ||    22
       Chain mail        |    54 |   123 |    36 ||   213
       Plate armour      |       |       |    94 ||    94
Dodge: Dodged            |    25 |    29 |    43 ||    97
Block: Shield            |    75 |   107 |   113 ||   295

Table legend:
 A = Non-vault XP
 B = Vault XP
 C = Vault XP percentage of total XP
 D = Non-vault monster count
 E = Vault monster count
 F = Vault count percentage of total count
                 A         B        C        D         E       F
            +---------+---------+-------+---------+---------+-------
      Total |    1407 |      29 |   2.0 |     117 |      15 |  11.4
            +---------+---------+-------+---------+---------+-------
        D:1 |      44 |       7 |  13.7 |      24 |       4 |  14.3
        D:2 |     159 |       0 |   0.0 |      29 |       0 |   0.0
        D:3 |      77 |      22 |  22.2 |      22 |      11 |  33.3
        D:4 |     408 |       0 |   0.0 |      22 |       0 |   0.0
        D:5 |     473 |       0 |   0.0 |      16 |       0 |   0.0
        D:6 |     246 |       0 |   0.0 |       4 |       0 |   0.0
            +---------+---------+-------+---------+---------+-------
